Map: Ulzaan

Players

OpuS - Winner!

  • Race: Protoss Protoss
  • League: Platinum
  • Spawn Location: 1:00

Sketchaphone - Winner!

  • Race: Zerg Zerg
  • League: Platinum
  • Spawn Location: 3:00

Redmoon

  • Race: Terran Terran
  • League: Gold
  • Spawn Location: 9:00

sandking

  • Race: Protoss Protoss
  • League: Platinum
  • Spawn Location: 11:00

VOD

Have the link to the VOD?

Description

Time

  • Played on: Feb. 17, 2019, 11:32 a.m.
  • Length: 22:35
Show
View Real Time Build Order
Export as new Build Order

OpuS Protoss - Winner!

Build Orders:  

Get SALT Encoding   

  12  0:01  Probe  
  13  0:13  Probe  
  14  0:19  Pylon  
  14  0:25  Probe  
  15  0:39  Gateway  
  15  0:43  Probe  
  16  0:51  Probe  
  16  0:53  Assimilator  
  17  1:03  Assimilator  
  17  1:06  Gateway  
  17  1:08  Probe  
  18  1:20  Probe  
  19  1:27  Cybernetics Core  
  19  1:28  Probe  
  20  1:36  Probe  
  20  1:43  Pylon  
  21  1:47  Probe  
  22  1:59  Pylon, Probe  
  23  2:08  Stalker  
  25  2:09  Warp Gate  
  24  2:17  Stalker  
  24  2:21  Probe  
  27  2:33  Probe  
  27  2:41  Stalker  
  27  2:42  Probe  
  29  2:46  Robotics Facility  
  30  2:51  Probe  
  31  3:00  Stalker  
  31  3:02  Probe  
  34  3:28  Nexus  
  35  3:34  Observer  
  35  3:45  Gateway  
  35  3:46  Twilight Council  
  35  3:50  Pylon  
  35  3:57  Probe  
  36  4:09  Stalker, Probe  
  39  4:11  Stalker  
  41  4:22  Probe  
  42  4:34  Probe  
  41  4:44  Charge  
  35  4:48  Zealot x3  
  41  4:53  Gateway  
  41  4:57  Immortal  
  42  5:00  Probe x2  
  42  5:02  Observer  
  47  5:15  Stalker  
  47  5:20  Stalker  
  51  5:28  Probe  
  51  5:29  Probe  
  53  5:41  Probe x2, Stargate  
  55  5:45  Zealot x2  
  59  5:50  Zealot  
  61  6:02  Probe  
  62  6:06  Pylon  
  62  6:19  Pylon  
  62  6:20  Pylon  
  62  6:23  Pylon  
  62  6:34  Pylon  
  62  6:37  Probe, Observer  
  64  6:50  Probe x2  
  64  6:53  Void Ray  
  70  7:04  Zealot x4  
  78  7:13  Pylon  
  78  7:20  Probe x2  
  80  7:24  Forge  
  72  7:36  Stalker x3  
  75  7:57  Void Ray  
  71  8:00  Probe  
  71  8:12  Probe  
  71  8:25  Probe  
  72  8:37  Probe  
  72  8:38  Templar Archives  
  73  8:49  Probe  
  74  9:01  Probe, Templar Archives  
  65  9:14  Nexus  
  47  9:27  Psionic Storm  
  47  9:35  Robotics Bay  
  47  9:40  High Templar x2  
  47  9:41  High Templar  
  47  9:44  Archon  
  53  9:55  Zealot  
  51  10:15  Zealot x3  
  53  10:32  Zealot  
  46  10:46  High Templar x2  
  50  10:51  Probe  
  50  10:55  Archon  
  51  11:09  Probe  
  52  11:28  Nexus  
  52  11:40  Void Ray  
  52  11:45  Probe  
  57  11:59  Zealot  
  59  12:26  Void Ray  
  63  12:40  Probe x2  
  65  12:52  Zealot x2  
  65  12:55  Stalker  
  71  13:00  Probe x2  
  73  13:07  Stalker  
  73  13:08  Void Ray  
  73  13:12  Probe x2  
  81  13:15  Probe  
  82  13:24  Probe  
  83  13:28  Probe x2  
  81  13:41  Void Ray  
  81  13:43  Probe x3  
  84  13:55  Probe  
  87  14:24  Void Ray  
  77  14:33  Probe x3  
  77  14:38  Pylon  
  80  14:43  Zealot x4  
  84  14:54  Pylon  
  80  15:01  Void Ray  
  76  15:08  Zealot x4  
  76  15:12  Probe x2  
  76  15:13  Probe  
  91  15:18  Gateway  
  91  15:19  Gateway  
  91  15:22  Assimilator  
  91  15:26  Assimilator  
  91  15:27  Protoss Ground Weapons Level 1  
  91  15:38  Assimilator  
  91  15:40  Void Ray  
  91  15:41  Pylon  
  91  15:42  Assimilator  
  91  15:45  Pylon  
  91  15:47  Gateway  
  91  15:49  Probe x3  
  98  15:50  Gateway  
  98  16:01  Zealot x3  
  104  16:04  Zealot  
  104  16:08  Protoss Air Weapons Level 1  
  104  16:10  Pylon  
  106  16:15  Void Ray  
  110  16:29  Gateway  
  110  16:34  Pylon, Zealot  
  110  16:35  Pylon  
  110  16:37  Pylon  
  112  16:56  Zealot x4  
  112  16:57  Void Ray  
  112  16:58  Probe x2  
  126  17:07  Observer  
  127  17:18  Stargate  
  127  17:28  Observer  
  92  17:40  Void Ray  
  88  17:46  Zealot x6  
  88  17:47  Zealot x3  
  88  17:50  Observer  
  107  18:14  Nexus  
  107  18:15  Pylon, Void Ray  
  111  18:30  Zealot x3  
  111  18:31  Zealot x2  
  111  18:32  Zealot x4  
  107  18:57  Void Ray  
  107  18:58  Void Ray  
  114  19:05  Probe x3  
  114  19:08  Assimilator  
  113  19:13  Assimilator  
  113  19:15  Stargate  
  113  19:17  Stargate  
  112  19:24  Fleet Beacon  
  112  19:35  Zealot x3  
  112  19:36  Zealot x2  
  120  20:05  Tempest  
  120  20:06  Tempest x2  
  120  20:11  Tempest  
  140  20:26  Stalker x3  
  122  20:39  Probe x4  
  126  20:46  Tempest x2  
  126  20:51  Probe  
  136  21:06  Tempest  
  129  21:22  Tempest  
  129  21:24  Stalker  
  129  21:25  Stalker x4  
  142  21:29  Tempest  
  142  21:32  Probe x2  
  151  21:33  Probe  
  133  21:49  Tempest x2  
  138  22:00  Probe x4  
  134  22:22  Probe x3  
  142  22:23  Probe  
  143  22:30  Zealot x5  
  143  22:31  Zealot  
Show
View Real Time Build Order
Export as new Build Order

Sketchaphone Zerg - Winner!

Build Orders: Hatch First, Roach Hydra 

Get SALT Encoding   

  12  0:01  Drone  
  13  0:14  Overlord  
  13  0:20  Drone  
  14  0:25  Extractor  
  14  0:27  Drone  
  15  0:34  Drone  
  16  0:35  Drone  
  17  0:58  Hatchery  
  17  1:02  Drone  
  17  1:03  Drone  
  18  1:07  Extractor  
  18  1:08  Drone  
  18  1:26  Spawning Pool  
  18  1:28  Drone  
  18  1:38  Drone  
  19  1:41  Overlord  
  19  1:51  Drone  
  20  2:02  Drone  
  21  2:12  Drone  
  21  2:13  Metabolic Boost, Queen  
  21  2:14  Queen  
  26  2:21  Drone  
  27  2:25  Drone x2  
  29  2:38  Roach Warren, Drone  
  29  2:40  Drone  
  30  2:45  Overlord  
  30  2:52  Zergling x2  
  30  2:57  Overlord  
  31  2:58  Drone  
  32  3:18  Roach x4  
  40  3:25  Roach x3  
  46  3:29  Overlord  
  46  3:40  Roach  
  46  3:41  Roach x2  
  51  3:51  Drone  
  51  3:52  Drone x2  
  55  3:55  Drone x2  
  55  3:56  Drone  
  55  3:58  Overlord  
  57  4:03  Drone x2  
  57  4:08  Drone  
  60  4:10  Overlord  
  60  4:19  Overlord  
  60  4:22  Drone  
  61  4:44  Hatchery  
  60  4:49  Drone x3  
  60  4:51  Extractor  
  60  4:52  Drone x3  
  65  4:53  Drone  
  65  4:56  Lair  
  65  4:57  Overlord, Evolution Chamber  
  65  4:59  Evolution Chamber  
  64  5:06  Zergling x4  
  66  5:15  Zergling x2  
  67  5:23  Zerg Missile Weapons Level 1  
  67  5:28  Extractor  
  67  5:29  Extractor  
  67  5:31  Overlord  
  65  5:37  Overlord  
  65  5:39  Drone  
  65  5:41  Zerg Ground Armor Level 1  
  66  5:43  Drone  
  66  5:44  Drone x6  
  73  5:54  Hatchery  
  73  5:56  Queen  
  74  6:01  Ravager  
  74  6:03  Ravager  
  76  6:11  Spore Crawler x2  
  74  6:13  Ravager  
  74  6:14  Ravager  
  76  6:40  Glial Reconstitution  
  76  6:45  Drone  
  76  6:46  Drone  
  76  6:47  Overlord, Hydralisk Den  
  78  6:48  Queen  
  79  6:58  Zergling x2  
  79  6:59  Zergling x4  
  82  7:03  Drone  
  82  7:05  Overseer  
  83  7:13  Queen  
  85  7:20  Ravager  
  85  7:21  Roach x13, Hatchery  
  111  7:26  Zerg Missile Weapons Level 2  
  111  7:47  Roach x5  
  111  7:49  Overlord, Grooved Spines  
  111  7:50  Drone x2  
  123  8:12  Drone x2  
  125  8:13  Drone x5  
  125  8:18  Extractor  
  129  8:20  Pneumatized Carapace, Extractor  
  128  8:32  Overlord  
  128  8:33  Overlord  
  127  8:42  Hydralisk x3  
  81  9:29  Lurker Den  
  81  9:30  Muscular Augments  
  71  9:32  Zerg Ground Armor Level 2  
  71  9:35  Roach  
  71  9:36  Roach x2, Hydralisk x5  
  71  9:38  Roach x5  
  93  9:40  Zergling x26  
  108  9:47  Drone x2  
  109  9:55  Zergling x4  
  109  9:58  Hydralisk x2  
  109  9:59  Hydralisk  
  96  10:27  Hydralisk x10  
  97  10:38  Hydralisk x2  
  97  10:39  Hydralisk  
  99  10:47  Hydralisk x3  
  99  10:54  Hydralisk  
  99  10:57  Hydralisk  
  99  10:58  Hydralisk  
  93  11:08  Roach x2  
  94  11:12  Overlord  
  92  11:29  Queen  
  92  11:31  Queen  
  96  11:38  Lurker x3  
  99  11:45  Roach  
  99  11:46  Roach x5  
  111  12:03  Queen  
  111  12:04  Queen  
  111  12:05  Queen, Drone  
  110  12:41  Roach x5  
  118  12:49  Roach x2  
  122  12:53  Zerg Melee Weapons Level 1  
  122  12:54  Infestation Pit  
  122  12:56  Overlord  
  121  12:58  Overseer  
  121  13:09  Drone x3  
  121  13:10  Drone  
  121  13:12  Drone x4  
  129  13:13  Drone  
  129  13:14  Drone x3  
  127  13:24  Ravager x4  
  131  13:28  Hydralisk x3  
  122  13:52  Roach x3  
  128  13:59  Hive  
  128  14:01  Burrow  
  123  14:22  Nydus Network  
  116  14:25  Roach  
  109  14:36  Ravager x2  
  111  14:42  Extractor  
  111  14:44  Extractor  
  109  14:46  Overlord x2  
  109  14:47  Overlord  
  91  15:03  Roach x3  
  91  15:04  Hydralisk x5  
  91  15:05  Hydralisk x2  
  99  15:12  Hydralisk  
  99  15:13  Roach x2  
  99  15:14  Roach x3  
  111  15:15  Infestor  
  111  15:16  Overlord  
  113  15:23  Roach x19  
  151  15:51  Nydus Canal  
  151  15:52  Swarm Host x4  
  151  15:53  Swarm Host x4  
  175  15:58  Lurker  
  175  15:59  Lurker  
  175  16:00  Lurker  
  175  16:04  Overlord x2  
  178  16:31  Swarm Host x2  
  178  16:32  Swarm Host x2  
  188  16:51  Hydralisk  
  190  17:09  Nydus Canal  
  162  17:41  Roach x11  
  165  17:59  Roach x8  
  165  18:00  Zergling x2  
  182  18:18  Nydus Canal  
  160  18:31  Roach x8  
  157  18:56  Overlord x2  
  157  19:15  Extractor  
  157  19:16  Extractor  
  155  19:21  Spire  
  154  19:25  Overlord x2  
  154  19:26  Overlord x3  
  154  19:43  Nydus Canal  
  154  20:02  Hydralisk x19  
  109  21:06  Nydus Canal  
  109  21:09  Hydralisk  
  109  21:10  Roach, Hydralisk x10  
  117  21:50  Hydralisk  
  117  21:51  Hydralisk x14  
  135  22:20  Hatchery  
  134  22:25  Nydus Canal  
Show
View Real Time Build Order
Export as new Build Order

Redmoon Terran 

Build Orders:  

Get SALT Encoding   

  12  0:01  SCV  
  13  0:16  SCV  
  13  0:20  Supply Depot  
  15  0:28  SCV  
  15  0:41  SCV  
  16  0:43  Barracks  
  16  0:50  Refinery  
  16  0:55  SCV  
  17  1:08  SCV  
  18  1:20  SCV  
  19  1:33  SCV  
  19  1:35  Reaper  
  21  1:50  Refinery  
  21  1:51  SCV  
  22  1:57  Command Center  
  23  2:12  Orbital Command  
  22  2:17  Factory  
  22  2:23  Barracks Tech Lab  
  22  2:38  SCV  
  23  2:49  Engineering Bay  
  23  3:05  Supply Depot  
  23  3:09  SCV  
  23  3:10  Factory Tech Lab  
  24  3:14  Refinery, SCV  
  24  3:16  Supply Depot  
  25  3:21  SCV  
  25  3:26  SCV  
  27  3:31  Starport  
  27  3:33  SCV, Siege Tank  
  31  3:41  Orbital Command  
  31  3:45  SCV  
  32  4:00  Marauder  
  32  4:01  SCV  
  32  4:02  Barracks  
  35  4:11  Siege Tank  
  35  4:12  Starport Reactor  
  35  4:14  SCV  
  39  4:19  SCV  
  39  4:23  Armory  
  40  4:26  SCV  
  41  4:33  Liberator  
  41  4:42  Liberator  
  44  4:57  SCV  
  44  4:59  SCV  
  49  5:07  Barracks Tech Lab  
  49  5:08  Barracks Tech Lab  
  49  5:09  SCV  
  49  5:11  SCV  
  51  5:14  Supply Depot  
  51  5:16  Refinery  
  51  5:20  Barracks  
  51  5:21  SCV  
  51  5:23  Barracks  
  51  5:24  SCV  
  51  5:25  Engineering Bay  
  53  5:33  Concussive Shells, SCV  
  54  5:36  SCV  
  54  5:39  Stimpack  
  55  5:45  SCV, Supply Depot  
  55  5:47  Supply Depot  
  56  5:52  Terran Vehicle And Ship Armor Level 1  
  56  5:55  Engineering Bay, SCV  
  57  6:09  Supply Depot x2  
  57  6:17  Liberator, SCV  
  57  6:18  Liberator  
  58  6:36  Marine x2  
  69  6:44  Barracks Reactor  
  69  6:45  Barracks Reactor  
  69  6:55  Terran Infantry Weapons Level 1, Terran Infantry Armor Level 1  
  69  6:58  Marine x2  
  71  7:05  Supply Depot  
  71  7:06  Supply Depot x2  
  71  7:16  Marine x2  
  71  7:22  Marine x3  
  74  7:23  Marine  
  77  7:33  Marine  
  77  7:34  Marine  
  77  7:35  Siege Tank  
  79  7:40  Marine x4  
  83  7:46  Liberator x2  
  80  7:51  Marine  
  80  7:52  Marauder  
  80  7:57  Marine  
  80  7:58  Marine x3, Supply Depot  
  90  8:09  Marine  
  94  8:13  Marine  
  94  8:15  Marine  
  94  8:16  Marine x3, Terran Vehicle And Ship Armor Level 2  
  99  8:26  Starport  
  98  8:27  Marine  
  98  8:31  Marine  
  98  8:33  Marine, Siege Tank  
  98  8:34  Marine x3  
  104  8:43  SCV  
  104  8:44  SCV  
  104  8:45  Medivac, Marauder  
  104  8:46  Medivac  
  112  8:49  Marauder  
  112  8:51  Marine x2  
  112  8:52  Marine x2  
  112  8:55  SCV  
  119  8:58  SCV  
  120  9:03  Supply Depot  
  120  9:07  Marauder, SCV  
  120  9:09  Marine  
  107  9:25  Marauder, Marine, SCV  
  110  9:31  Marine  
  110  9:42  Supply Depot x2  
  110  9:43  Supply Depot  
  110  9:44  Supply Depot  
  110  9:45  Supply Depot  
  110  10:03  Command Center  
  110  10:04  Medivac x2, Marine x5  
  106  10:22  Marine x4, SCV  
  106  10:23  Marine x2  
  106  10:28  Liberator x2  
  96  10:40  Terran Infantry Weapons Level 2, Marine x3  
  96  10:41  Terran Infantry Armor Level 2, Marauder  
  96  10:42  Terran Vehicle And Ship Armor Level 3, Marine x2  
  95  10:44  Factory Tech Lab  
  100  10:58  Marine x3  
  100  11:00  Marine x2  
  100  11:03  Marauder  
  104  11:11  Liberator  
  94  11:17  Marine x3  
  94  11:18  Marine x2  
  97  11:24  Marauder  
  101  11:34  Marine  
  101  11:35  Marine x2  
  101  11:36  Marine x2  
  106  11:41  Bunker  
  106  11:45  Marauder  
  108  11:48  SCV x2  
  108  11:49  SCV  
  108  11:52  Marine x2  
  108  11:53  Refinery, Marine  
  114  11:55  Marine x2  
  116  12:07  Marauder  
  111  12:28  Marauder  
  97  12:42  SCV  
  97  12:43  SCV  
  97  12:44  Marine x5  
  99  12:49  Marine  
  105  12:58  SCV  
  107  13:01  Refinery, Orbital Command  
  107  13:02  Marine x5, SCV  
  112  13:07  Marauder  
  112  13:09  Starport Tech Lab  
  112  13:10  SCV  
  115  13:14  SCV  
  115  13:17  Supply Depot  
  115  13:18  Factory  
  115  13:19  Marine, Supply Depot  
  116  13:20  Marine x4  
  119  13:29  Marauder  
  102  13:45  Marine x3  
  102  13:46  Marine x2  
  105  13:50  Marauder  
  107  13:56  SCV  
  107  14:02  Factory  
  108  14:03  Marine x4  
  108  14:04  Marine  
  107  14:10  Factory  
  107  14:11  Marauder, Factory  
  107  14:12  Factory  
  109  14:21  Marine x3  
  90  14:33  Marauder  
  90  14:35  Marine x2  
  90  14:38  SCV x2  
  91  14:39  Marine x3  
  91  14:44  Factory Tech Lab  
  91  14:45  Banshee  
  97  14:50  SCV  
  96  14:53  Marine x2  
  96  14:54  Marauder  
  96  14:56  Marine  
  96  14:57  Marine x2  
  88  15:10  SCV  
  88  15:11  Marine x2  
  91  15:14  Marine x3  
  91  15:16  Marauder  
  91  15:20  Terran Infantry Weapons Level 3, Terran Infantry Armor Level 3  
  96  15:23  Armory  
  96  15:28  Marine, Raven  
  98  15:29  Marine  
  98  15:30  Factory Tech Lab  
  98  15:31  Factory Tech Lab  
  98  15:32  Marine x3  
  98  15:33  Factory Tech Lab, Siege Tank  
  106  15:37  Marauder  
  106  15:39  Siege Tank  
  111  15:47  Factory Tech Lab  
  110  15:52  Command Center  
  110  15:57  Siege Tank  
  110  15:58  Marauder  
  110  16:01  Siege Tank x2  
  121  16:06  Marine x4, Siege Tank  
  121  16:11  Raven, Siege Tank  
  133  16:20  Marauder  
  135  16:30  Siege Tank  
  137  16:33  Siege Tank  
  137  16:37  Combat Shield  
  140  16:41  Marauder  
  140  16:42  Hellion x2  
  140  16:44  Hellion  
  148  16:52  Refinery x2, Missile Turret  
  148  16:53  Raven  
  150  16:54  Bunker  
  150  17:02  Hellion  
  150  17:03  Hellion x2  
  150  17:05  Hellion, Siege Tank  
  161  17:11  SCV  
  162  17:18  Viking x2  
  166  17:23  Siege Tank, SCV  
  166  17:24  Siege Tank  
  173  17:36  Viking  
  134  18:06  Marine x5  
  134  18:07  Marine  
  146  18:12  Hellion  
  146  18:13  Hellion x2, Widow Mine x2  
  145  18:24  Marine x3  
  145  18:25  Marauder  
  140  18:33  Thor  
  112  18:46  Marauder  
  103  18:53  Marine x2  
  103  18:54  Marine x3  
  103  18:55  Cyclone, Siege Tank  
  92  19:08  Marauder  
  94  19:11  Marine  
  93  19:19  Marine x2  
  31  21:05  Marine  
Show
View Real Time Build Order
Export as new Build Order

sandking Protoss 

Build Orders: Carriers, Chargelot Immortal 

Get SALT Encoding   

  1  0:00  Probe  
  13  0:07  Probe  
  14  0:23  Pylon, Probe  
  15  0:41  Probe, Gateway  
  16  0:54  Probe  
  17  0:59  Assimilator  
  17  1:02  Assimilator  
  17  1:06  Probe  
  18  1:18  Gateway  
  18  1:24  Probe  
  19  1:31  Cybernetics Core  
  19  1:40  Pylon  
  19  1:54  Probe  
  20  1:57  Stalker x2  
  24  2:10  Warp Gate  
  24  2:25  Probe  
  25  2:38  Probe  
  25  2:41  Robotics Facility  
  26  2:45  Twilight Council  
  26  3:14  Probe, Charge  
  26  3:19  Nexus  
  27  3:37  Probe  
  27  3:38  Observer  
  29  3:47  Pylon  
  29  4:12  Stalker x2  
  29  4:16  Probe  
  34  4:19  Immortal  
  38  4:28  Probe  
  39  4:34  Probe  
  40  4:40  Probe  
  41  4:47  Probe  
  42  4:53  Probe  
  42  4:57  Warp Prism  
  42  4:59  Probe  
  46  5:02  Stalker  
  46  5:05  Probe  
  49  5:11  Probe  
  50  5:17  Probe  
  51  5:22  Gateway x2  
  51  5:23  Probe  
  51  5:28  Forge  
  52  5:35  Pylon  
  52  5:42  Probe  
  53  5:43  Probe  
  53  5:45  Assimilator  
  53  5:47  Assimilator  
  54  5:55  Probe  
  55  6:06  Zealot  
  55  6:07  Zealot  
  45  6:53  Protoss Ground Weapons Level 1  
  45  6:59  Probe  
  46  7:08  Pylon  
  46  7:10  Pylon, Immortal  
  46  7:11  Probe  
  46  7:12  Pylon, Probe  
  52  7:20  Gateway  
  52  7:22  Gateway  
  52  7:24  Probe  
  52  7:25  Gateway  
  53  7:36  Zealot x2  
  57  7:37  Zealot x2  
  61  7:45  Immortal  
  55  8:07  Probe  
  55  8:08  Probe  
  55  8:19  Probe, Immortal  
  56  8:20  Probe  
  61  8:31  Zealot x2  
  65  8:39  Forge  
  65  8:47  Probe  
  62  8:50  Protoss Ground Weapons Level 2  
  62  8:54  Zealot x4  
  62  8:55  Zealot x3  
  76  8:58  Warp Prism  
  75  9:51  Nexus  
  75  9:56  Pylon  
  75  9:59  Zealot  
  77  10:00  Zealot x4  
  77  10:03  Protoss Ground Armor Level 1  
  71  10:24  Pylon  
  71  10:27  Pylon  
  64  10:32  Pylon  
  60  10:41  Zealot  
  50  11:01  Resonating Glaives, Probe  
  50  11:03  Probe  
  50  11:04  Probe  
  50  11:08  Adept x4  
  50  11:09  Adept x3  
  65  11:13  Probe  
  65  11:15  Probe  
  65  11:16  Probe  
  65  11:17  Assimilator  
  68  11:20  Assimilator  
  68  11:27  Probe  
  68  11:28  Probe  
  68  11:31  Protoss Ground Weapons Level 3, Gateway  
  68  11:32  Gateway  
  70  11:34  Gateway  
  70  11:37  Gateway  
  70  11:53  Gateway  
  70  11:55  Gateway  
  70  12:09  Stalker x5  
  70  12:10  Stalker x2  
  70  12:15  Observer  
  83  12:33  Observer  
  76  12:39  Protoss Ground Armor Level 2  
  76  12:43  Zealot x4  
  76  12:44  Zealot x5  
  86  12:45  Zealot x2  
  98  12:52  Observer  
  98  13:01  Zealot x2  
  75  14:03  Zealot x2  
  75  14:04  Zealot x5  
  75  14:05  Zealot x2  
  75  14:06  Zealot  
  79  14:23  Stargate  
  79  14:24  Stargate  
  65  14:27  Stargate  
  65  14:28  Stalker x2, Stargate  
  65  14:29  Stalker x3  
  65  14:30  Stalker x3  
  81  14:31  Stalker x2  
  81  14:32  Stalker, Templar Archives  
  87  14:42  Protoss Shields Level 1  
  87  14:47  Protoss Ground Armor Level 3  
  82  15:37  Fleet Beacon  
  82  15:39  Nexus, Cybernetics Core  
  82  15:49  Stalker  
  84  15:50  Stalker x4  
  84  15:51  Stalker x3  
  84  15:52  Stalker x4  
  84  15:53  Stalker  
  106  16:47  Nexus  
  106  16:49  Pylon  
  106  16:55  Pylon  
  106  16:57  Protoss Air Weapons Level 1  
  106  17:04  Carrier x3  
  106  17:08  Carrier  
  91  17:55  Photon Cannon  
  91  18:08  Protoss Air Armor Level 1  
  90  18:13  Carrier x4  
  105  19:37  Nexus  
  111  20:00  Carrier  
  111  20:01  Carrier x2  
  123  20:41  Carrier  
  129  21:04  Carrier  
  129  21:05  Carrier x2  
Tags
 
Add a new tag
Caveats
  • Supply blocks, unpowered buildings, or Contaminate may cause inaccurate times.
  • Supply counts are checked every 10 seconds.